 Dungeon Crawl Stone Soup version 0.29.1-15-g9cfb28693d (webtiles) character file.

Game seed: 11726475062437063209

18 Heoruswealwe the Caller (level 2, 15/15 HPs)
             Began as a Deep Elf Summoner on Mar 4, 2023.
             Was a Follower of Qazlal.
             Got out of the dungeon alive.
             The game lasted 00:05:57 (567 turns).

Heoruswealwe the Caller (Deep Elf Summoner)          Turns: 567, Time: 00:05:57

Health: 15/15      AC:  2    Str:  5    XL:     2   Next: 48%
Magic:  8/8        EV: 13    Int: 19    God:    Qazlal [*.....]
Gold:   3          SH:  1    Dex: 15    Spells: 6/7 levels left

rFire   . . .      SeeInvis .   g - +0 dagger (chaos)
rCold   . . .      Faith    .   (no shield)
rNeg    . . .      Spirit   .   a - +0 robe
rPois   .          Reflect  .   (no helmet)
rElec   .          Harm     .   (no cloak)
rCorr   .          Rampage  .   (no gloves)
Will    .....                   (no boots)
Stlth   ++........              (no amulet)
HPRegen 0.05/turn               (no ring)
MPRegen 0.11/turn               (no ring)

@: no status effects
A: no striking features
a: Renounce Religion


You escaped.
You worshipped Qazlal.
Qazlal was aware of your devotion.
You visited 1 branch of the dungeon, and saw 1 of its levels.

You collected 3 gold pieces.

Inventory:

Hand Weapons
 d - a +0 club
 g - a +0 dagger of chaos (weapon)
 h - a +0 club
 i - a +0 dagger
 j - a +0 dagger
 k - a +0 dagger
Armour
 a - a +0 robe (worn)
 f - a +0 leather armour
Potions
 b - a potion of magic
 n - a potion of haste


   Skills:
 + Level 2.8 Dodging
 + Level 3.0 Stealth
 + Level 3.3 Spellcasting
 + Level 4.6 Summonings


You had 6 spell levels left.
You knew the following spells:

 Your Spells              Type           Power      Damage    Failure   Level
a - Summon Small Mammal   Summ           80%        N/A       2%          1

Your spell library contained the following spells:

 Spells                   Type           Power      Damage    Failure   Level
 Call Imp                 Summ           20%        N/A       3%          2
 Call Canine Familiar     Summ           20%        N/A       7%          3
 Summon Guardian Golem    Hex/Summ       11%        N/A       17%         3
 Summon Lightning Spire   Summ/Air       11%        N/A       50%         4


Dungeon Overview and Level Annotations

Branches:
Dungeon (1/15)

Altars:
Qazlal


Message History

The endoplasm barely misses your bat.
Your bat completely misses the endoplasm.
Your bat hits the endoplasm. The endoplasm closely misses your bat.
Your bat hits the endoplasm but does no damage.
Your bat hits the endoplasm.
The endoplasm dies!
Qazlal accepts your kill.
Your Stealth skill increases to level 3!
You swap places.
You swap places.
Magic restored.
You swap places.
There is an open door here.
You see here a rat corpse.
Your quokka disappears in a puff of smoke!
There is a stormy altar of Qazlal here.
There is an open door here.
You see here a hobgoblin corpse.
There is an open door here.
As you read the scroll labelled ZIELOT NAPPEI, it crumbles to dust.
It is a scroll of brand weapon.
Your +0 dagger erupts in a glittering mayhem of colour.
g - a +0 dagger of chaos (weapon)
As you read the scroll labelled UHUFRE PEDWU, it crumbles to dust.
You hear a loud clanging noise!
It was a scroll of noise.
You hear an angry hiss.
As you read the scroll labelled CONTOC NUCIM, it crumbles to dust.
It is a scroll of identify.
n - a potion of haste
As you read the scroll labelled CIAVIA GUJERIC, it crumbles to dust.
You feel strangely unstable.
It was a scroll of teleportation.
There is a staircase leading out of the dungeon here.
Are you sure you want to leave the Dungeon?
This will make you lose the game!
You stop ascending the stairs.
Your surroundings suddenly seem different.
There is an open door here.
There is a staircase leading out of the dungeon here.
Are you sure you want to leave the Dungeon?
This will make you lose the game!
You have escaped!

#..♣♣P>P♣♣..###..#### #
##..♣♣.♣♣..## #..# #
♣.........♣ #..# #
♣.♣.~≈~.♣.♣###..# #
♣..~~8~~..♣#....######
♣.♣.~≈~.♣.♣#......÷...
♣.........♣#..........
##..♣♣.♣♣..##.##.#####.
#..♣♣P@P♣♣..#.##.# #.
##..#####..##.##.#####.
+...≈≈≈≈~...'.##.......
################..#####
#..##### #..#...#
#..#.... ###.###..#...#
.........##.##


There were no monsters in sight!

Vanquished Creatures
  A hobgoblin (D:1)
  A rat (D:1)
2 creatures vanquished.

Vanquished Creatures (collateral kills)
  A bat (D:1)
  3 endoplasms (D:1)
  3 goblins (D:1)
  3 hobgoblins (D:1)
  A quokka (D:1)
  A frilled lizard (D:1)
  A kobold (D:1)
13 creatures vanquished.

Vanquished Creatures (others)
  5 plants (D:1)
  3 withered plants (D:1)
8 creatures vanquished.

Grand Total: 23 creatures vanquished

Notes
Turn   | Place    | Note
-------+----------+-------------------------------------------
     0 | D:1      | Heoruswealwe the Deep Elf Summoner began the quest for the
                  | Orb.
     0 | D:1      | Reached XP level 1. HP: 10/10 MP: 6/6
   157 | D:1      | Reached XP level 2. HP: 13/15 MP: 6/8
   373 | D:1      | Found a faded altar of an unknown god.
   402 | D:1      | Prayed at the altar of an unknown god.
   402 | D:1      | Became a worshipper of Qazlal Stormbringer
   402 | D:1      | Reached * piety under Qazlal
   567 | D:$      | Got out of the dungeon alive.

Illustrated notes

Levels and vault maps discovered:
D:1:      tarquinn_simple_flora_water_b, layout_loops_ring,
          shapermc_ecumenical_altar_flowoftime, amcnicky_mini_pool_small

Skill      XL: |  1  2 |
---------------+-------+-----
Stealth        | 3 |  3.0
Dodging        | |  2.8
Spellcasting   | |  3.3
Summonings     | |  4.6

Action                   || total
-------------------------++-------
Melee: Dagger            ||    24
 Cast: Summon Small Mamm ||    20
  Use: Scroll            ||     4
Armor: Robe              ||     2
Dodge: Dodged            ||    11
